 Dungeon Crawl Stone Soup version 0.30-a0-241-g1121274140 (webtiles) character file.

Game seed: 4086428167282122898

32 Sobieck the Covered (level 3, -3/33 HPs)
             Began as an Armataur Fighter on Oct 10, 2022.
             Slain by Sigmund
             ... wielding a +3 scythe of freezing
              (9 damage)
             ... on level 2 of the Dungeon.
             The game lasted 00:01:59 (965 turns).

Sobieck the Covered (Armataur Fighter)               Turns: 965, Time: 00:02:00

Health: -3/33      AC:  9    Str: 23    XL:     3   Next: 8%
Magic:  3/3        EV:  4    Int:  8    God:
Gold:   50         SH:  4    Dex:  9    Spells: 2/2 levels left

rFire   . . .      SeeInvis .    a - +0 war axe {axe}
rCold   . . .      Faith    .    c - +0 buckler
rNeg    . . .      Spirit   .    o - +0 plate armour
rPois   .          Reflect  .    (no helmet)
rElec   .          Harm     .    (no cloak)
rCorr   .          Roll     +    (no gloves)
Will    .....                    (no barding)
Stlth   ..........               (no amulet)
HPRegen 0.25/turn                (no ring)
MPRegen 0.08/turn                (no ring)

@: brilliant
A: large, rugged brown scales 3, deformed body, armoured tail, roll, long
tongue, awkward tongue
a: no special abilities


You were on level 2 of the Dungeon.
You visited 1 branch of the dungeon, and saw 2 of its levels.

You collected 50 gold pieces.


Innate Abilities, Weirdness & Mutations

You are completely covered in rugged brown scales. (AC +3, +7% HP)
Armour fits poorly on your strangely shaped body.
You have a long armoured tail.
You roll when moving toward enemies. (Rampage)
Your long tongue fully drains potion bottles. (2x potion effects)
Your tongue gives you trouble enunciating. (1.5x scroll delay)


   Skills:
 + Level 3.1 Fighting
 + Level 2.1 Axes
 + Level 4.2 Armour
 - Level 3.2 Shields


You had 2 spell levels left.
You didn't know any spells.
Your spell library was empty.

Inventory:

Hand Weapons
 a - a +0 war axe (weapon) {axe}
 b - a +0 sling
   (You found it on level 1 of the Dungeon)
Missiles
 e - 9 stones (quivered) {throwing}
 l - 6 poisoned darts {throwing}
 n - 2 boomerangs {throwing}
Armour
 c - a +0 buckler (worn)
 g - a +0 leather armour
   (You found it on level 1 of the Dungeon)
 i - a +0 scale mail
 o - a +0 plate armour (worn)
   (You found it on level 1 of the Dungeon)
 p - a +0 plate armour
   (You found it on level 2 of the Dungeon)
Scrolls
 f - a scroll of poison {unknown}
 h - 4 scrolls of fear {unknown}
 k - a scroll of identify {unknown}
 m - a scroll of teleportation {unknown}
Potions
 d - 2 potions of might

Dungeon Overview and Level Annotations

Branches:
Dungeon (2/15) Zot: 11005

Altars:

Annotations:
D:2 1 runed translucent door, Crazy Yiuf, Sigmund

..##.#.......# #.##....
.............. ..# #.##.#.#
#..g..g.#.# # ##.## #.##.#.#
####......##.# #...# #......#
#...##......# #...#
####....†.. #@... ###.####
#...# #....##.#.< ....
##.######...####....#.....
....
#..†#..................... ...
#.......)@................ #..
.......#...{.................
..###########...####...#.###.#
#...# #...#.# #.. #...#
#####.###.# #..†# #.....#
##.## #####.# #.# #... ...
#...


There were no monsters in sight!


Message History

The sling bullet hits the worm but does no damage.
You shoot a sling bullet. The sling bullet hits the worm.
a - a +0 war axe (weapon)
{axe} You slash the worm!
You barely miss the worm. The worm bites you.
You slash the worm! The worm bites you.
You are too injured to fight recklessly!
You are too injured to fight recklessly!
You are too injured to fight recklessly!
The worm bites you.
* * * LOW HITPOINT WARNING * * *
Unknown command.
You barely miss the worm. You block the worm's attack.
Unknown command.
You slash the worm!
You kill the worm!
You see here a worm corpse.
Unknown command.
You start resting.
Unknown command.
q - a golden potion Unknown command.
There is a stone staircase leading up here.
You see here a +0 hand axe {axe}.
d - 2 potions of might (gained 1) Crazy Yiuf shouts!
Crazy Yiuf whimpers, "Fluff agre snockshim!"
A worm comes into view.
Danger!
You slash the worm! The worm bites you.
You hit the worm. The worm bites you.
You hit the worm. You slash the worm!
You kill the worm!
You have reached level 3!
Your experience leads to an increase in your attributes!
Increase (S)trength, (I)ntelligence, or (D)exterity?
You feel stronger. x2
You now have 50 gold pieces (gained 2).
A ball python comes into view.
The ball python hisses angrily.
Danger!
A ball python is nearby!
The ball python bites you but does no damage. x2
You closely miss the ball python. The ball python barely misses you.
You slash the ball python!
You kill the ball python!
No target in view!
No target in view!
You see here a ball python corpse.
Sigmund and a goblin come into view.
Sigmund is wielding a +3 scythe of freezing.
Sigmund shouts!
The goblin shouts!
Danger!
Unknown command.
Unknown command.
You see here a ball python corpse.
Danger!
Unknown command.
Danger!
Unknown command.
You roll towards Sigmund!
Unknown command.
Sigmund gestures at you while chanting.
You are confused.
Unknown command.
It was a potion of brilliance.
You feel clever all of a sudden.
Unknown command.
It was a potion of heal wounds.
You feel much better.
Sigmund hits you from afar with a +3 scythe of freezing!
Sigmund freezes you.
Unknown command.
Unknown command.
You slash the goblin!
You kill the goblin!
Sigmund barely misses you.
Unknown command.
Unknown command.
You feel less confused.
Sigmund hits you from afar with a +3 scythe of freezing.
* * * LOW HITPOINT WARNING * * *
Sigmund freezes you.
* * * LOW HITPOINT WARNING * * *
Unknown command.
Unknown command.
You hit Sigmund.
Your tail-slap misses Sigmund.
Sigmund mumbles some strange words.
Sigmund flickers and vanishes!
Deactivating autopickup; reactivate with Ctrl-A.
Something hits you.
* * * LOW HITPOINT WARNING * * *
Something freezes you.
* * * LOW HITPOINT WARNING * * *
Unknown command.
You completely miss something. Something hits you but does no damage.
Unknown command.
You completely miss something.
Your tail-slap misses something.
Something hits you!
You die...

Skill      XL: |  1  2 |
---------------+-------+-----
Armour         | 4 |  4.2
Fighting       | 3 |  3.1
Axes           | 2 |  2.1
Shields        | |  3.2

Action                   || total
-------------------------++-------
Melee: War axe           ||    50
       Tailslap          ||     8
 Fire: Sling             ||    14
  Use: Potion            ||     2
Armor: Scale mail        ||    16
       Plate armour      ||     3
Dodge: Dodged            ||    14
Block: Buckler           ||     8

Levels and vault maps discovered:
D:1:      dpeg_arrival_rooms_b, layout_rooms,
          shapermc_ecumenical_altar_mp_urbaneastern, minivault_4
D:2:      layout_loops_cross, uniq_sigmund, uniq_crazy_yiuf_cottage

Notes
Turn   | Place    | Note
-------+----------+-------------------------------------------
     0 | D:1      | Sobieck the Armataur Fighter began the quest for the Orb.
     0 | D:1      | Reached XP level 1. HP: 19/19 MP: 1/1
    58 | D:1      | Reached XP level 2. HP: 22/26 MP: 2/2
   197 | D:1      | Found a faded altar of an unknown god.
   219 | D:1      | Reached skill level 4 in Armour
   282 | D:1      | Reached skill level 3 in Fighting
   304 | D:1      | Reached skill level 2 in Axes
   836 | D:2      | Found a runed translucent door.
   837 | D:2      | Noticed Crazy Yiuf
   898 | D:2      | Reached XP level 3. HP: 26/33 MP: 3/3
   940 | D:2      | Noticed Sigmund
   963 | D:2      | HP: 8/33 [something (5)]
   965 | D:2      | Slain by Sigmund

Vanquished Creatures
  2 worms (D:2)
  A dart slug (D:1)
  3 ball pythons
  3 endoplasms (D:1)
  3 hobgoblins (D:1)
  2 quokkas (D:1)
  4 goblins
  2 kobolds (D:1)
  3 rats (D:1)
23 creatures vanquished.

Table legend:
 A = Non-vault XP
 B = Vault XP
 C = Vault XP percentage of total XP
 D = Non-vault monster count
 E = Vault monster count
 F = Vault count percentage of total count
                 A         B        C        D         E       F
            +---------+---------+-------+---------+---------+-------
      Total |      46 |       0 |   0.0 |      23 |       0 |   0.0
            +---------+---------+-------+---------+---------+-------
        D:1 |      33 |       0 |   0.0 |      19 |       0 |   0.0
        D:2 |      13 |       0 |   0.0 |       4 |       0 |   0.0
            +---------+---------+-------+---------+---------+-------

Illustrated notes

Table legend:
 A = Kills in this place as a percentage of kills in entire the game.
 B = Kills by you in this place as a percentage of kills by you in the entire game.
 C = Kills by friends in this place as a percentage of kills by friends in the entire game.
 D = Other kills in this place as a percentage of other kills in the entire game.
 E = Experience gained in this place as a percentage of experience gained in the entire game.
 F = Experience gained in this place divided by the number of levels of this place that you have seen.
                   A       B       C       D       E      F
               +-------+-------+-------+-------+-------+----------------------
         Total | 100.0 | 100.0 |   N/A |   N/A | 100.0 |  23.0
       Dungeon | 100.0 | 100.0 |   N/A |   N/A | 100.0 |  23.0
               +-------+-------+-------+-------+-------+----------------------

Table legend: (Time is in decaauts)
 A = Elapsed time spent in this place.
 B = Non-inter-level travel time spent in this place.
 C = Inter-level travel time spent in this place.
 D = Time resting spent in this place.
 E = Time spent auto-exploring this place.
 F = Levels seen in this place.
 G = Mean time per level.
                   A        B        C        D        E       F      G
               +--------+--------+--------+--------+--------+-----+--------+
         Total |    993 |    946 |     47 |     94 |    667 |   2 |  496.5 |
       Dungeon |    993 |    946 |     47 |     94 |    667 |   2 |  496.5 |
               +--------+--------+--------+--------+--------+-----+--------+

Top non-repeatable levels by time:
     D:1: 663 daAuts
     D:2: 330 daAuts
